TOP OF THE 1ST |
Lexington Legends batting - Pitching for Lansing Lugnuts : RHP Mike Moon
|
Pitching: RHP Mike Moon
|
|
Batting: RHB Danny Weisse
|
0-0: Foul Ball, location: 2F 0-1: Foul Ball, location: 2F 0-2: Strikes out swinging
|
Batting: RHB Taisei Fujii
|
0-0: Ball 1-0: Called Strike 1-1: Fly out, F5 (Flyball, 5D, EV 88.1 MPH)
|
Batting: LHB Danny Bailey
|
0-0: Ball 1-0: Ball 2-0: Ball 3-0: Called Strike 3-1: Swinging Strike 3-2: Ground out 4-3 (Groundball, 4S, EV 75.0 MPH)
|
Top of the 1st over - 0 runs, 0 hits, 0 errors, 0 left on base; Lexington 0 - Lansing 0 |
BOTTOM OF THE 1ST |
Lansing Lugnuts batting - Pitching for Lexington Legends : RHP Matt Voulgaris
|
Pitching: RHP Matt Voulgaris
|
|
Batting: SHB Joel Baker
|
0-0: Called Strike 0-1: Ball 1-1: Foul Ball, location: 2F 1-2: Foul Ball, location: 2F 1-2: Ball 2-2: Ground out 6-3 (Groundball, 6, EV 76.9 MPH)
|
Batting: RHB Finn Ross
|
0-0: Ball 1-0: Ball 2-0: Fly out, F8 (Flyball, 8LM, EV 93.8 MPH)
|
Batting: SHB Jose Garcia
|
0-0: Ball 1-0: Called Strike 1-1: Swinging Strike 1-2: Fly out, F7 (Flyball, 78M, EV 81.9 MPH)
|
Bottom of the 1st over - 0 runs, 0 hits, 0 errors, 0 left on base; Lexington 0 - Lansing 0 |
TOP OF THE 2ND |
Lexington Legends batting - Pitching for Lansing Lugnuts : RHP Mike Moon
|
Batting: LHB Robby Diaz
|
0-0: Foul Ball, location: 2F 0-1: Ball 1-1: Ground out 6-3 (Groundball, 6D, EV 105.6 MPH)
|
Batting: RHB Yi-lin Niu
|
0-0: Called Strike 0-1: Ball 1-1: Fly out, F7 (Flyball, 78D, EV 95.6 MPH)
|
Batting: RHB Justin Bonner
|
0-0: Ball 1-0: Ball 2-0: Ball 3-0: Foul Ball, location: 2F 3-1: Base on Balls
|
Batting: SHB Jason Anaya
|
0-0: Ball 1-0: Called Strike 1-1: Ball 2-1: Called Strike 2-2: Fly out, F7 (Flyball, 7LS, EV 83.1 MPH)
|
Top of the 2nd over - 0 runs, 0 hits, 0 errors, 1 left on base; Lexington 0 - Lansing 0 |
BOTTOM OF THE 2ND |
Lansing Lugnuts batting - Pitching for Lexington Legends : RHP Matt Voulgaris
|
Batting: LHB Dan Martinez
|
0-0: Swinging Strike 0-1: Ball 1-1: Ground out 5-3 (Groundball, 56, EV 85.0 MPH)
|
Batting: RHB Ivan Ramirez
|
0-0: Ball 1-0: Ball 2-0: Foul Ball, location: 2F 2-1: SOLO HOME RUN (Flyball, 78XD, EV 101.9 MPH), Distance : 399 ft
|
Batting: RHB Luis Reyes
|
0-0: Ground out 6-3 (Groundball, 6, EV 80.6 MPH)
|
Batting: RHB Tony Stedman
|
0-0: Ball 1-0: Foul Ball, location: 2F 1-1: Swinging Strike 1-2: SINGLE (Groundball, 34S, EV 71.3 MPH) (infield hit)
|
Batting: RHB Darren McCarty Jr.
|
0-0: Ball 1-0: Fielders Choice at 2nd, 6-4 (Groundball, 6, EV 76.3 MPH)
|
Bottom of the 2nd over - 1 run, 2 hits, 0 errors, 1 left on base; Lexington 0 - Lansing 1 |
TOP OF THE 3RD |
Lexington Legends batting - Pitching for Lansing Lugnuts : RHP Mike Moon
|
Batting: RHB Andy Urquhart
|
0-0: Called Strike 0-1: Foul Ball, location: 2F 0-2: Ball 1-2: Ball 2-2: Strikes out looking
|
Batting: RHB Allen Crenshaw
|
0-0: Hit by Pitch
|
Batting: RHB Danny Weisse
|
0-0: Ball 1-0: Called Strike 1-1: Swinging Strike 1-2: Foul Ball, location: 2F 1-2: Ball 2-2: Ball 3-2: Base on Balls Allen Crenshaw to second
|
Batting: RHB Taisei Fujii
|
0-0: Ball 1-0: Called Strike 1-1: Ball 2-1: Foul Ball, location: 2F 2-2: Foul Ball, location: 2F 2-2: Foul Ball, location: 2F 2-2: Hit by Pitch Allen Crenshaw to third Danny Weisse to second
|
Batting: LHB Danny Bailey
|
0-0: Ball 1-0: Swinging Strike 1-1: Foul Ball, location: 2F 1-2: Strikes out swinging
|
Batting: LHB Robby Diaz
|
0-0: Called Strike 0-1: Foul Ball, location: 2F 0-2: Foul Ball, location: 2F 0-2: SINGLE (Line Drive, 34, EV 95.0 MPH) Allen Crenshaw scores Danny Weisse to third Taisei Fujii to second Runner from 3rd tries for Home, throw by RF and OUT! 9-2
|
Top of the 3rd over - 1 run, 1 hit, 0 errors, 2 left on base; Lexington 1 - Lansing 1 |
BOTTOM OF THE 3RD |
Lansing Lugnuts batting - Pitching for Lexington Legends : RHP Matt Voulgaris
|
Batting: RHB Nick Wicker
|
0-0: Foul Ball, location: 2F 0-1: Ball 1-1: Swinging Strike 1-2: Strikes out swinging
|
Batting: SHB Joel Baker
|
0-0: Called Strike 0-1: Swinging Strike 0-2: Strikes out looking
|
Batting: RHB Finn Ross
|
0-0: Ball 1-0: Fly out, F8 (Line Drive, 8LM, EV 86.3 MPH)
|
Bottom of the 3rd over - 0 runs, 0 hits, 0 errors, 0 left on base; Lexington 1 - Lansing 1 |
TOP OF THE 4TH |
Lexington Legends batting - Pitching for Lansing Lugnuts : RHP Mike Moon
|
Batting: RHB Yi-lin Niu
|
0-0: Ball 1-0: SINGLE (Groundball, 6MD, EV 100.0 MPH)
|
Batting: RHB Justin Bonner
|
0-0: Ball 1-0: Fly out, F6 (Popup, 6, EV 80.6 MPH)
|
Batting: SHB Jason Anaya
|
0-0: Called Strike 0-1: Foul Ball, location: 2F 0-2: Ball 1-2: Ball 2-2: Strikes out looking
|
Batting: RHB Andy Urquhart
|
0-0: Ball 1-0: Ball 2-0: Fielders Choice at 2nd, 6-4 (Groundball, 6, EV 85.6 MPH)
|
Top of the 4th over - 0 runs, 1 hit, 0 errors, 1 left on base; Lexington 1 - Lansing 1 |
BOTTOM OF THE 4TH |
Lansing Lugnuts batting - Pitching for Lexington Legends : RHP Matt Voulgaris
|
Batting: SHB Jose Garcia
|
0-0: Ball 1-0: Called Strike 1-1: Ball 2-1: Foul Ball, location: 2F 2-2: Ground out 5-3 (Groundball, 6, EV 88.1 MPH)
|
Batting: LHB Dan Martinez
|
0-0: Ball 1-0: Foul Ball, location: 2F 1-1: Ball 2-1: Foul Ball, location: 2F 2-2: Ball 3-2: Fly out, F4 (Popup, 34D, EV 73.8 MPH)
|
Batting: RHB Ivan Ramirez
|
0-0: SINGLE (Groundball, 6M, EV 101.3 MPH) (infield hit)
|
Batting: RHB Luis Reyes
|
0-0: Called Strike 0-1: Ball 1-1: Ball 2-1: Foul Ball, location: 2F 2-2: Ball 3-2: Strikes out swinging
|
Bottom of the 4th over - 0 runs, 1 hit, 0 errors, 1 left on base; Lexington 1 - Lansing 1 |
TOP OF THE 5TH |
Lexington Legends batting - Pitching for Lansing Lugnuts : RHP Mike Moon
|
Batting: RHB Allen Crenshaw
|
0-0: Swinging Strike 0-1: Ball 1-1: Foul Ball, location: 2F 1-2: Foul Ball, location: 2F 1-2: Ball 2-2: Ground out 5-3 (Groundball, 56S, EV 93.1 MPH)
|
Batting: RHB Danny Weisse
|
0-0: Called Strike 0-1: Ball 1-1: Called Strike 1-2: Fly out, F3 (Flyball, 3D, EV 90.0 MPH)
|
Batting: RHB Taisei Fujii
|
0-0: Ball 1-0: SINGLE (Flyball, 3D, EV 91.3 MPH)
|
Batting: LHB Danny Bailey
|
0-0: Called Strike 0-1: Ball 1-1: Swinging Strike 1-2: Foul Ball, location: 2F 1-2: Strikes out swinging wild pitch, reaches first! Taisei Fujii to second
|
Batting: LHB Robby Diaz
|
0-0: Foul Ball, location: 2F 0-1: Fly out, F7 (Line Drive, 7, EV 88.1 MPH)
|
Top of the 5th over - 0 runs, 1 hit, 0 errors, 2 left on base; Lexington 1 - Lansing 1 |
BOTTOM OF THE 5TH |
Lansing Lugnuts batting - Pitching for Lexington Legends : RHP Matt Voulgaris
|
Batting: RHB Tony Stedman
|
0-0: Ball 1-0: Ball 2-0: Ground out 4-3 (Groundball, 4, EV 87.5 MPH)
|
Batting: RHB Darren McCarty Jr.
|
0-0: Swinging Strike 0-1: Ball 1-1: Called Strike 1-2: Ball 2-2: Foul Ball, location: 2F 2-2: Fly out, F9 (Flyball, 9S, EV 92.5 MPH)
|
Batting: RHB Nick Wicker
|
0-0: Called Strike 0-1: Swinging Strike 0-2: Ball 1-2: SINGLE (Groundball, 56D, EV 95.0 MPH)
|
Batting: SHB Joel Baker
|
0-0: Called Strike 0-1: Ball Nick Wicker is caught stealing 2nd base 2-6
|
Bottom of the 5th over - 0 runs, 1 hit, 0 errors, 0 left on base; Lexington 1 - Lansing 1 |
TOP OF THE 6TH |
Lexington Legends batting - Pitching for Lansing Lugnuts : RHP Mike Moon
|
Batting: RHB Yi-lin Niu
|
0-0: Ball 1-0: Ball 2-0: Ball 3-0: Called Strike 3-1: Foul Ball, location: 2F 3-2: Foul Ball, location: 2F 3-2: Base on Balls
|
Batting: RHB Justin Bonner
|
0-0: Ball 1-0: Called Strike 1-1: Ground out U3 (Groundball, 34, EV 86.3 MPH) Yi-lin Niu to second
|
Batting: SHB Jason Anaya
|
0-0: Foul Ball, location: 2F 0-1: Ball 1-1: Ball 2-1: Swinging Strike 2-2: Strikes out swinging
|
Pitching: RHP Jordan Jacobo
|
|
Batting: RHB Andy Urquhart
|
0-0: Ball 1-0: Ground out 6-3 (Groundball, 6, EV 89.4 MPH)
|
Top of the 6th over - 0 runs, 0 hits, 0 errors, 1 left on base; Lexington 1 - Lansing 1 |
BOTTOM OF THE 6TH |
Lansing Lugnuts batting - Pitching for Lexington Legends : RHP Matt Voulgaris
|
Batting: SHB Joel Baker
|
0-0: Ball 1-0: Foul Ball, location: 2F 1-1: Foul Ball, location: 2F 1-2: Ball 2-2: Foul Ball, location: 2F 2-2: TRIPLE (Line Drive, 9LD, EV 101.9 MPH)
|
Batting: RHB Finn Ross
|
0-0: Ball 1-0: Ball 2-0: Called Strike 2-1: Ball 3-1: Ground out 6-3 (Groundball, 6, EV 80.0 MPH)
|
Pitching: RHP Brian Straub
|
|
Batting: SHB Jose Garcia
|
0-0: Called Strike 0-1: Ball 1-1: Ball 2-1: Foul Ball, location: 2F 2-2: Ball 3-2: Fly out, F8 (Flyball, 89XD, EV 75.0 MPH) Runner from 3rd tags up, SCORES, no throw by CF
|
Batting: LHB Dan Martinez
|
0-0: Ball 1-0: Swinging Strike 1-1: Foul Ball, location: 2F 1-2: Strikes out swinging
|
Bottom of the 6th over - 1 run, 1 hit, 0 errors, 0 left on base; Lexington 1 - Lansing 2 |
TOP OF THE 7TH |
Lexington Legends batting - Pitching for Lansing Lugnuts : RHP Jordan Jacobo
|
Batting: RHB Allen Crenshaw
|
0-0: Called Strike 0-1: Foul Ball, location: 2F 0-2: Strikes out swinging
|
Batting: RHB Danny Weisse
|
0-0: Ball 1-0: Ball 2-0: Called Strike 2-1: Ground out 5-3 (Groundball, 56, EV 84.4 MPH)
|
Batting: RHB Taisei Fujii
|
0-0: Called Strike 0-1: Foul Ball, location: 2F 0-2: Ground out 4-3 (Groundball, 4, EV 103.1 MPH)
|
Top of the 7th over - 0 runs, 0 hits, 0 errors, 0 left on base; Lexington 1 - Lansing 2 |
BOTTOM OF THE 7TH |
Lansing Lugnuts batting - Pitching for Lexington Legends : RHP Brian Straub
|
Batting: RHB Ivan Ramirez
|
0-0: Ball 1-0: Ball 2-0: Called Strike 2-1: Fly out, F8 (Flyball, 8LD, EV 81.3 MPH)
|
Batting: RHB Luis Reyes
|
0-0: Ground out 5-3 (Groundball, 56, EV 85.6 MPH)
|
Batting: RHB Tony Stedman
|
0-0: Called Strike 0-1: Ball 1-1: Ball 2-1: Called Strike 2-2: SOLO HOME RUN (Flyball, 9D, EV 95.6 MPH), Distance : 360 ft
|
Batting: RHB Darren McCarty Jr.
|
0-0: Ball 1-0: Ball 2-0: Called Strike 2-1: Swinging Strike 2-2: Foul Ball, location: 2F 2-2: Ball 3-2: Base on Balls
|
Batting: RHB Nick Wicker
|
0-0: Ball Darren McCarty Jr. steals 2nd, throwing error, E2 Darren McCarty Jr. to third 1-0: Foul Ball, location: 2F 1-1: Ball 2-1: Hit by Pitch
|
Pinch Runner at 1st David Ramirez:
|
|
Batting: SHB Joel Baker
|
0-0: Ball 1-0: Ball 2-0: Ball 3-0: Base on Balls David Ramirez to second
|
Pitching: LHP Anton Erlykov
|
|
Batting: RHB Finn Ross
|
0-0: Fly out, F9 (Flyball, 89S, EV 93.8 MPH)
|
Bottom of the 7th over - 1 run, 1 hit, 1 error, 3 left on base; Lexington 1 - Lansing 3 |
TOP OF THE 8TH |
Lexington Legends batting - Pitching for Lansing Lugnuts : RHP Jordan Jacobo
|
Now at 3B: Roger Escareno
|
|
Batting: LHB Danny Bailey
|
0-0: Foul Ball, location: 2F 0-1: Foul Ball, location: 2F 0-2: Foul Ball, location: 2F 0-2: Ground out 6-3 (Groundball, 6, EV 79.4 MPH)
|
Batting: LHB Robby Diaz
|
0-0: Ball 1-0: Swinging Strike 1-1: Called Strike 1-2: Strikes out swinging
|
Batting: RHB Yi-lin Niu
|
0-0: Foul Ball, location: 2F 0-1: Called Strike 0-2: Ball 1-2: Ball 2-2: Strikes out swinging
|
Top of the 8th over - 0 runs, 0 hits, 0 errors, 0 left on base; Lexington 1 - Lansing 3 |
BOTTOM OF THE 8TH |
Lansing Lugnuts batting - Pitching for Lexington Legends : LHP Anton Erlykov
|
Batting: SHB Jose Garcia
|
0-0: Ball 1-0: Swinging Strike 1-1: Ball 2-1: Ball 3-1: Called Strike 3-2: Ground out 4-3 (Groundball, 4, EV 106.9 MPH)
|
Batting: LHB Dan Martinez
|
0-0: Swinging Strike 0-1: Ball 1-1: Ball 2-1: Foul Ball, location: 2F 2-2: Ball 3-2: Foul Ball, location: 2F 3-2: Ground out 4-3 (Groundball, 4M, EV 98.8 MPH)
|
Batting: RHB Ivan Ramirez
|
0-0: Ground out 5-3 (Groundball, 56S, EV 90.0 MPH)
|
Bottom of the 8th over - 0 runs, 0 hits, 0 errors, 0 left on base; Lexington 1 - Lansing 3 |
TOP OF THE 9TH |
Lexington Legends batting - Pitching for Lansing Lugnuts : RHP Jordan Jacobo
|
Pitching: RHP Mel Schultz
|
|
Batting: RHB Justin Bonner
|
0-0: Foul Ball, location: 2F 0-1: Foul Ball, location: 2F 0-2: Foul Ball, location: 2F 0-2: Ball 1-2: Foul Ball, location: 2F 1-2: Strikes out swinging
|
Batting: SHB Jason Anaya
|
0-0: Called Strike 0-1: Ball 1-1: Called Strike 1-2: Fly out, F6 (Popup, 6, EV 59.4 MPH)
|
Pinch Hitting: LHB Ho-win Zhou
|
0-0: Swinging Strike 0-1: Ball 1-1: Ball 2-1: Ball 3-1: Foul Ball, location: 2F 3-2: Base on Balls
|
Batting: RHB Allen Crenshaw
|
0-0: Ball 1-0: Called Strike 1-1: Called Strike 1-2: Strikes out swinging
|
Top of the 9th over - 0 runs, 0 hits, 0 errors, 1 left on base; Lexington 1 - Lansing 3 |
|